Unix NetHack Version 5.0.0-0 post-release - last build Jul 19 2026 19:10:59 (3aa4ab31751d3886436d94b585a96704892fd477,branch:main).

Game began 2026-07-27 04:11:36, ended 2026-07-27 04:34:57.

Anwyn, neutral male human Tourist

                           -----------
       -------             |.........|
       |...<..            #.^........|
       |.....|            #|.........|
       |.....|            #|.........|                          --------
       |.....|      #######|.........|   ##########             |))))))|
       |......#######      -------.---   #                      |))))[.|
       --.----                    #      #---------------    ----))[).)|
         #                        #   ####..............|    |[.).).----
         #                       ##      #|.............|    |.)))))|
         #                       #       #|.............|  @md))))))|
         #                    ####       #|.............|  # --------
         #                  --.---      ##...............###
     ----|-                 |.(..+########---------------
     |....|                 |....|  #####
     |...>|                 |....-###
     ------                 ------

Anwyn the Sightseer         St:9 Dx:15 Co:14 In:13 Wi:11 Ch:13  Neutral
Dlvl:2  $:770 HP:0(22) Pw:8(8) AC:10 Xp:3 T:637 

Latest messages:
 You see here 7 silver arrows (for sale, 49 zorkmids).
 You see here a knife (for sale, 5 zorkmids).
 You see here 6 darts (for sale, 174 zorkmids).
 That strange object is a small mimic!
 You see here a knife (for sale, 5 zorkmids).
 Rincewind drops a runed arrow.
 You see here 7 silver arrows (for sale, 49 zorkmids).
 Rincewind picks up a spear.
 You hear the footsteps of a guard on patrol.
 You hit the small mimic.
 Rincewind drops a spear.
 You hit the small mimic.
 You see here a knife (for sale, 5 zorkmids).
 You see here 10 arrows (for sale, 30 zorkmids).
 You hit the small mimic.
 The small mimic hits!
 You hit the small mimic.
 You miss the small mimic.
 You see here an axe (for sale, 11 zorkmids).
 You hit the small mimic.
 Rincewind picks up a runed arrow.
 You see here 7 runed arrows (for sale, 21 zorkmids).
 You miss the small mimic.
 You see here a pair of riding gloves (for sale, 67 zorkmids).
 You find a small mimic.
 You see here 7 darts (for sale, 21 zorkmids).
 You see here a sling (for sale, 27 zorkmids).
 You see here a two-handed sword (for sale, 67 zorkmids).
 You see here an axe (for sale, 11 zorkmids).
 Rincewind drops a runed arrow.
 You see here a war hammer (for sale, 7 zorkmids).
 You hit the small mimic.
 You hit the small mimic.
 You hit the small mimic.
 The small mimic hits!
 Rincewind picks up a stout spear.
 Rincewind drops a spear.
 What do you want to use or apply? [klm or ?*] ?
 In what direction? l
 The small mimic is illuminated.
 Welcome to experience level 3.
 The small mimic hits!
 You hit the small mimic.
 The small mimic hits!
 You die...
 Do you want your possessions identified? [ynq] (y) y
 Do you want to see your attributes? [ynq] (y) y
 Do you want an account of creatures vanquished? [ynaq] (y) y
 Do you want to see your conduct and achievements? [ynq] (y) y
 Do you want to see the dungeon overview? [ynq] (y) y

Inventory:
 Coins    ('$')
  $ - 770 gold pieces
 Weapons  (')')
  a - 34 +2 darts (at the ready)
  u - 10 +0 darts
 Armor    ('[')
  j - an uncursed +0 Hawaiian shirt with a sea turtle motif (being worn)
 Comestibles  ('%')
  f - an uncursed papaya
  d - an uncursed candy bar labeled "Apollo"
  c - 2 uncursed food rations
  e - an uncursed fortune cookie
  b - 8 uncursed tripe rations
  o - 4 uncursed lichen corpses
 Scrolls  ('?')
  s - a blessed scroll of confuse monster
  n - a cursed scroll of confuse monster
  t - a blessed scroll of identify
  i - a blessed scroll of magic mapping
  h - 3 uncursed scrolls of magic mapping
 Potions  ('!')
  p - an uncursed potion of confusion
  q - 2 uncursed potions of water
 Tools    ('(')
  l - an uncursed credit card
  k - an expensive camera (0:76)
  m - an uncursed leash
 Gems/Stones  ('*')
  r - an uncursed amber stone

Anwyn the Tourist's attributes:

Background:
 You were a Sightseer, a level 3 male human Tourist.
 You were neutral, on a mission for The Lady
 who was opposed by Blind Io (lawful) and Offler (chaotic).
 You were right-handed.
 You were in the Dungeons of Doom, on level 2.
 You entered the dungeon 637 turns ago.
 It was nighttime.
 You had 60 experience points, 20 more were needed to attain level 4.

Basics:
 You had 0 out of 22 hit points.
 You had all 8 energy points (spell power).
 Your armor class was 10.
 Your wallet contained 770 zorkmids.
 Autopickup was on for '$"!/?=' plus thrown.

Final Characteristics:
 Your strength was 9 (limit:18/100).
 Your dexterity was 15 (limit:18).
 Your constitution was 14 (limit:18).
 Your intelligence was 13 (limit:18).
 Your wisdom was 11 (limit:18).
 Your charisma was 13 (limit:18).

Final Status:
 You weren't hungry.
 You were unencumbered.
 You were bare handed.
 You were unskilled in bare handed combat.

Final Attributes:
 You were nominally aligned.
 You are dead.

Miscellaneous:
 You didn't encounter any bones levels.
 Total elapsed playing time was 23 minutes and 20 seconds.

Major events:
 Turn
    1: Anwyn the neutral male human Tourist entered the dungeon
  636: attained the rank of Sightseer (level 3)
  637: killed by a small mimic

You didn't know any spells.

Skills:
 Fighting Skills
   bare handed combat [Unskilled]
   two weapon combat  [Unskilled]
   riding             [Unskilled]
 Weapon Skills
   dagger             [Unskilled]
   knife              [Unskilled]
   axe                [Unskilled]
   pick-axe           [Unskilled]
   short sword        [Unskilled]
   broadsword         [Unskilled]
   long sword         [Unskilled]
   two-handed sword   [Unskilled]
   saber              [Unskilled]
   mace               [Unskilled]
   morning star       [Unskilled]
   flail              [Unskilled]
   hammer             [Unskilled]
   quarterstaff       [Unskilled]
   polearms           [Unskilled]
   spear              [Unskilled]
   trident            [Unskilled]
   lance              [Unskilled]
   bow                [Unskilled]
   sling              [Unskilled]
   crossbow           [Unskilled]
   dart               [Basic]
   shuriken           [Unskilled]
   boomerang          [Unskilled]
   whip               [Unskilled]
   unicorn horn       [Unskilled]
 Spellcasting Skills
   divination spells  [Unskilled]
   enchantment spells [Unskilled]
   escape spells      [Unskilled]

Voluntary challenges:
 Character rerolling was not enabled.
 You never hit with a wielded weapon.
 You were illiterate.
 You never genocided any monsters.
 You never polymorphed an object.
 You never changed form.
 You used no wishes.
Achievements:
 You entered a shop.
 You attained the rank of Sightseer.

 The Dungeons of Doom: levels 1 to 3
    Level 1:
       An altar, a fountain.
    Level 2: "vault" <- You were here.
       A weapon shop.
       Final resting place for
          you, killed by a small mimic.
    Level 3:


Vanquished creatures:
  3 jackals
  2 foxes
  a kobold
  3 grid bugs
  4 lichens
  5 newts
18 creatures vanquished.

No species were genocided or became extinct.

Game over:
                       ----------
                      /          \
                     /    REST    \
                    /      IN      \
                   /     PEACE      \
                  /                  \
                  |      Anwyn       |
                  |      770 Au      |
                  |   killed by a    |
                  |   small mimic    |
                  |                  |
                  |                  |
                  |       2026       |
                 *|     *  *  *      | *
        _________)/\\_//(\/(/\)/\//\/|_)_______

Aloha Anwyn the Tourist...

You died in The Dungeons of Doom on dungeon level 2 with 377 points,
and 770 pieces of gold, after 637 moves.
You were level 3 with a maximum of 22 hit points when you died.

